 Dungeon Crawl Stone Soup version 0.20-b1-24-gb21faa7 (webtiles) character file.

5668 MTVSty1e the Fighter (level 10, -11/97 HPs)
             Began as a Hill Orc Fighter on May 24, 2017.
             Was a Priest of Okawaru.
             Mangled by a two-headed ogre
             ... wielding a +0 giant club
              (12 damage)
             ... on level 8 of the Dungeon on May 25, 2017.
             The game lasted 00:26:12 (9625 turns).

MTVSty1e the Fighter (Hill Orc Fighter)             Turns: 9625, Time: 00:26:12

Health: -11/97     AC: 11    Str: 23    XL:     10   Next: 75%
Magic:  10/10      EV:  5    Int: 10    God:    Okawaru [***...]
Gold:   484        SH: 11    Dex: 10    Spells: 9/9 levels left

rFire    . . .     SeeInvis +   a - +0 war axe
rCold    . . .     Gourm    .   c - +0 shield
rNeg     . . .     Faith    .   C - +0 plate armour
rPois    .         Spirit   .   d - +2 hat
rElec    .         Reflect  .   (no cloak)
rCorr    .         Harm     .   (no gloves)
MR       .....                  (no boots)
Stlth    ..........             (no amulet)
Regen    0.3/turn               j - +1 ring of protection
MPRegen  0.2/turn               s - ring of see invisible

@: no status effects
A: blurry vision 1, clever 1, deformed body, wild magic 1
a: Heroism, Renounce Religion


You were on level 8 of the Dungeon.
You worshipped Okawaru.
Okawaru was most pleased with you.
You were not hungry.

You visited 2 branches of the dungeon, and saw 9 of its levels.
You also visited: Ossuary.

You collected 484 gold pieces.

Inventory:

Hand Weapons
 a - a +0 war axe (weapon)
Armour
 c - a +0 shield (worn)
 d - a +2 hat (worn)
 C - a +0 plate armour (worn)
 G - the +4 robe of Augmentation {Str+4 Int+4 Dex+4}
   (You found it on level 6 of the Dungeon)

   It affects your strength (+4).
   It affects your intelligence (+4).
   It affects your dexterity (+4).
Jewellery
 j - a +1 ring of protection (left hand)
 s - a ring of see invisible (right hand)
 u - an uncursed ring of stealth {unknown}
 K - an uncursed ring of positive energy {unknown}
Wands
 v - a wand of lightning (7/15)
 B - a wand of iceblast (9/15)
 E - a wand of polymorph (6/24)
Scrolls
 f - 10 scrolls of identify {unknown}
 h - 3 scrolls of blinking {unknown}
 i - 3 scrolls of amnesia {unknown}
 k - 3 scrolls of immolation {unknown}
 l - 3 scrolls of recharging {unknown}
 n - 6 scrolls of teleportation {unknown}
 r - a scroll of noise {unknown}
 y - 2 scrolls of remove curse {unknown}
 A - a scroll of enchant armour {unknown}
 D - a scroll of fog {unknown}
 F - a scroll of torment {unknown}
 H - a scroll of magic mapping {unknown}
 L - a scroll of silence {unknown}
 M - a scroll of vulnerability {unknown}
Potions
 b - a potion of ambrosia {unknown}
 e - 2 potions of experience {unknown}
 g - 7 potions of curing
 m - a potion of resistance {unknown}
 o - 3 potions of degeneration {unknown}
 t - a potion of flight {unknown}
 w - a potion of haste {unknown}
 x - 3 potions of lignification {unknown}
 z - a potion of berserk rage {unknown}
 N - 2 potions of agility {unknown}
Comestibles
 q - 11 royal jellies
 J - 2 bread rations


   Skills:
 * Level 12.0 Fighting
 + Level 9.8 Axes
 + Level 8.2 Armour
 + Level 8.6 Shields


You had 9 spell levels left.
You didn't know any spells.

Dungeon Overview and Level Annotations

Branches:
Dungeon (8/15)             Temple (1/1) D:4
   Lair: D:8-11

Altars:
Ashenzari
Cheibriados
Dithmenos
Elyvilon
Fedhas
Gozag
Hepliaklqana
Kikubaaqudgha
Makhleb
Nemelex Xobeh
Okawaru
Qazlal
Ru
Sif Muna
Trog
Uskayaw
Vehumet
Xom
Yredelemnul
Zin
The Shining One

Shops:
D:6 *   D:8 *

Annotations:
D:6 Dowan


Innate Abilities, Weirdness & Mutations

Scrolls take you a little longer to read.
Your mind is acute. (Int +2)
Armour fits poorly on your strangely shaped body.
Your spells are a little harder to cast, but a little more powerful.


Message History

You barely miss the two-headed ogre.
The two-headed ogre is heavily wounded.
The two-headed ogre hits you with a giant club!
* * * LOW HITPOINT WARNING * * *
You block the two-headed ogre's attack.
You hit the two-headed ogre.
The two-headed ogre is heavily wounded.
You block the two-headed ogre's attack.
The two-headed ogre completely misses you.
You slash the two-headed ogre!
The two-headed ogre is almost dead.
You block the two-headed ogre's attack.
The two-headed ogre hits you with a dire flail.
* * * LOW HITPOINT WARNING * * *
You completely miss the two-headed ogre.
The two-headed ogre is almost dead.
The two-headed ogre hits you with a giant club!
* * * LOW HITPOINT WARNING * * *
The two-headed ogre hits you with a dire flail!
You die...

########## #.........
#......... #.........
#...O.....
######.........
........#########
.....#....O.....# ...
+....#@....# .
#....#.....#
#.####..####
#.....###.####..####.
#.....#...............
+.....#...............
#.....#...............
#.....#...............
#+#.....###'##+#####+###


You could see a two-headed ogre.

Vanquished Creatures
  Gastronok (D:8)
  Joseph (D:6)
  A queen bee (D:8)
  The ghost of potatolord6000 the Sneak, an amateur NaFi (D:4)
  Prince Ribbit (D:7)
  A hippogriff (D:8)
  Duvessa (D:6)
  A sky beast (D:8)
  An ice beast (D:8)
  2 phantoms
  4 ogres
  A necrophage (D:7)
  A crocodile (D:8)
  A bullfrog (D:7)
  A big kobold (D:6)
  An elf zombie (Ossuary)
  A scorpion (D:7)
  13 killer bees (D:8)
  A howler monkey (D:6)
  3 crimson imps
  A human zombie (Ossuary)
  A centaur zombie (Ossuary)
  A bullfrog zombie (D:5)
  A jelly (D:8)
  An orc priest (D:3)
  3 hounds
  2 iguanas (D:5)
  A bullfrog skeleton (D:7)
  2 orc wizards (D:8)
  8 worker ants
  A big kobold zombie (Ossuary)
  4 ogre zombies (Ossuary)
  A hound zombie (D:8)
  2 hound skeletons
  7 mummies (Ossuary)
  A worker ant zombie (D:6)
  3 gnolls (D:5)
  8 adders
  4 shadow imps
  2 oozes
  4 adder zombies (Ossuary)
  3 worms
  A dart slug (D:2)
  2 leopard geckos
  20 orcs
  2 giant cockroaches
  10 goblins
  3 hobgoblins
  2 quokkas
  A ball python (D:1)
  9 bats
  5 frilled lizards
  A gnoll zombie (Ossuary)
  4 goblin zombies (Ossuary)
  3 hobgoblin zombies (Ossuary)
  15 kobolds
  3 kobold zombies (Ossuary)
  4 quokka skeletons
  5 quokka zombies
  6 rats
  3 rat zombies (Ossuary)
198 creatures vanquished.

Notes
Turn   | Place    | Note
-------+----------+-------------------------------------------
     0 | D:1      | MTVSty1e the Hill Orc Fighter began the quest for the Orb.
     0 | D:1      | Reached XP level 1. HP: 19/19 MP: 1/1
    62 | D:1      | Reached XP level 2. HP: 21/27 MP: 2/2
   245 | D:1      | Reached skill level 4 in Fighting
   498 | D:1      | Reached XP level 3. HP: 33/33 MP: 3/3
  2039 | D:3      | Reached XP level 4. HP: 41/41 MP: 4/4
  2341 | D:3      | Reached skill level 5 in Fighting
  2390 | D:3      | Reached XP level 5. HP: 48/48 MP: 5/5
  2884 | D:4      | Found a sand-covered staircase.
  2889 | Ossuary  | Entered an ossuary
  3109 | Ossuary  | Reached XP level 6. HP: 54/56 MP: 6/6
  3462 | Ossuary  | Reached skill level 6 in Fighting
  3624 | Ossuary  | Reached skill level 5 in Axes
  3655 | Ossuary  | Reached XP level 7. HP: 46/63 MP: 7/7
  4406 | D:4      | Found a staircase to the Ecumenical Temple.
  4424 | Temple   | Entered the Ecumenical Temple
  4748 | D:4      | Noticed potatolord6000's ghost (amateur NaFi)
  4760 | D:4      | Killed potatolord6000's ghost
  4760 | D:4      | Reached skill level 7 in Fighting
  4760 | D:4      | Reached skill level 5 in Armour
  4760 | D:4      | Reached skill level 5 in Shields
  4941 | D:4      | Reached XP level 8. HP: 73/73 MP: 8/8
  4946 | D:4      | Found a radiant altar of Vehumet.
  5126 | D:5      | Entered Level 5 of the Dungeon
  5359 | D:5      | Found a blossoming altar of Fedhas.
  6067 | D:5      | Found a shadowy altar of Dithmenos.
  6131 | D:6      | Found a deep blue altar of Sif Muna.
  6293 | D:6      | Found a snail-covered altar of Cheibriados.
  6293 | D:6      | Found a faded altar of an unknown god.
  6298 | D:6      | Found an opulent altar of Gozag.
  6300 | D:6      | Found a shattered altar of Ashenzari.
  6302 | D:6      | Found an ancient bone altar of Kikubaaqudgha.
  6399 | D:6      | Reached skill level 8 in Fighting
  6426 | D:6      | Found a glowing silver altar of Zin.
  6786 | D:6      | Found Beerchergh's Assorted Antiques.
  6880 | D:7      | Noticed Dowan
  6884 | D:7      | Noticed Duvessa
  6886 | D:7      | Noticed Joseph
  7077 | D:6      | Reached XP level 9. HP: 71/82 MP: 9/9
  7284 | D:6      | Killed Joseph
  7284 | D:6      | Reached skill level 9 in Fighting
  7425 | D:6      | Killed Duvessa
  7684 | D:7      | Found a shadowy altar of Dithmenos.
  7685 | D:7      | Upgraded the game from 0.20-b1-18-gaa2fd62 to 0.20-b1-24-gb21faa7
  7687 | D:7      | Found an iron altar of Okawaru.
  7690 | D:7      | Found a glowing golden altar of the Shining One.
  7695 | D:7      | Became a worshipper of Warmaster Okawaru
  7823 | D:7      | Noticed Prince Ribbit
  7890 | D:7      | Killed Prince Ribbit
  7890 | D:7      | Reached skill level 10 in Fighting
  8475 | D:8      | Noticed a queen bee
  8494 | D:8      | Gained mutation: You possess an exceptional clarity of mind. [potion of mutation]
  8494 | D:8      | Gained mutation: You are clumsy. (Dex -2) [potion of mutation]
  8494 | D:8      | Gained mutation: You have a somewhat thin skeletal structure. (Dex +2, Stealth) [potion of mutation]
  8498 | D:8      | Killed a queen bee
  8498 | D:8      | Reached * piety under Okawaru
  8505 | D:8      | Reached XP level 10. HP: 41/94 MP: 10/10
  8967 | D:8      | Noticed Gastronok
  8970 | D:8      | Found Ceddyodgh's Elemental Accessories.
  8974 | D:8      | Reached skill level 11 in Fighting
  8996 | D:8      | Killed Gastronok
  8996 | D:8      | Reached ** piety under Okawaru
  9005 | D:8      | Lost mutation: You are clumsy. (Dex -2) [potion of mutation]
  9005 | D:8      | Lost mutation: You have a somewhat thin skeletal structure. (Dex +2, Stealth) [potion of mutation]
  9005 | D:8      | Gained mutation: You are dopey. (Int -2) [potion of mutation]
  9005 | D:8      | Gained mutation: Your flesh is cold resistant. (rC+) [potion of mutation]
  9006 | D:8      | Lost mutation: You possess an exceptional clarity of mind. [potion of mutation]
  9006 | D:8      | Lost mutation: Your flesh is cold resistant. (rC+) [potion of mutation]
  9006 | D:8      | Lost mutation: You are dopey. (Int -2) [potion of mutation]
  9006 | D:8      | Gained mutation: You can translocate small distances at will. [potion of mutation]
  9006 | D:8      | Gained mutation: You have large cloven feet. [potion of mutation]
  9006 | D:8      | Gained mutation: Your muscles are strong. (Str +2) [potion of mutation]
  9008 | D:8      | Lost mutation: Your muscles are strong. (Str +2) [potion of mutation]
  9008 | D:8      | Lost mutation: You have large cloven feet. [potion of mutation]
  9008 | D:8      | Lost mutation: You can translocate small distances at will. [potion of mutation]
  9008 | D:8      | Gained mutation: Your spells are a little harder to cast, but a little more powerful. [potion of mutation]
  9008 | D:8      | Gained mutation: Scrolls take you a little longer to read. [potion of mutation]
  9008 | D:8      | Gained mutation: Armour fits poorly on your strangely shaped body. [potion of mutation]
  9008 | D:8      | Gained mutation: Your mind is acute. (Int +2) [potion of mutation]
  9041 | D:8      | Reached *** piety under Okawaru
  9550 | D:8      | Reached skill level 12 in Fighting
  9603 | D:8      | Noticed a two-headed ogre
  9625 | D:8      | HP: 1/97 [two-headed ogre/giant club (12)]
  9625 | D:8      | Mangled by a two-headed ogre

Skill      XL: |  1  2  3  4  5  6  7  8  9 10 |
---------------+-------------------------------+-----
Axes           | 3 4 5 6 7 8 9 |  9.8
Fighting       | 4 5 6 7 8 10 12 | 12.0
Shields        | 4 5 6 7 8 |  8.6
Armour         | 4 5 6 7 8 |  8.2

Action                   |  1- 3 |  4- 6 |  7- 9 | 10-12 || total
-------------------------+-------+-------+-------+-------++-------
Melee: War axe           |   125 |   204 |   422 |    97 ||   848
 Abil: Blink             |       |       |       |     1 ||     1
  Use: Potion            |       |       |     8 |     7 ||    15
  Eat: Bread ration      |     1 |     1 |       |       ||     2
       Royal jelly       |       |     2 |       |       ||     2
       Meat ration       |       |       |     3 |       ||     3
       Chunk             |       |       |     2 |       ||     2
Armor: Scale mail        |    73 |       |       |       ||    73
       Ring mail         |     1 |    74 |    16 |       ||    91
       Plate armour      |       |       |   207 |    81 ||   288
Dodge: Dodged            |    45 |    53 |    73 |    31 ||   202
Block: Shield            |    83 |    78 |   246 |    78 ||   485
